 Dungeon Crawl Stone Soup version 0.28-a0-1510-gd0f6b136d3 (webtiles) character file.

Game seed: 13336789323286178651

21 Gwenloh the Vexing (level 2, 0/28 HPs)
             Began as an Ogre Arcane Marksman on Jan 14, 2022.
             Slain by a kobold (4 damage)
             ... on level 1 of the Dungeon.
             The game lasted 00:02:40 (888 turns).

Gwenloh the Vexing (Ogre Arcane Marksman)            Turns: 888, Time: 00:02:42

Health: 0/28       AC:  3    Str: 13    XL:     2   Next: 87%
Magic:  4/4        EV: 10    Int: 14    God:
Gold:   41         SH:  0    Dex:  9    Spells: 3/4 levels left

rFire   . . .      SeeInvis .   (no weapon)
rCold   . . .      Faith    .   (no shield)
rNeg    . . .      Spirit   .   a - +0 robe
rPois   .          Reflect  .   (helmet restricted)
rElec   .          Harm     .   (no cloak)
rCorr   .          Rampage  .   (gloves unavailable)
Will    +....                   (boots unavailable)
Stlth   +.........              (no amulet)
HPRegen 0.09/turn               h - ring of willpower
MPRegen 0.09/turn               (no ring)

@: no status effects
A: large, unfitting armour, tough skin 1
a: no special abilities


You were on level 1 of the Dungeon.
You visited 1 branch of the dungeon, and saw 1 of its levels.

You collected 41 gold pieces.

Inventory:

Missiles
 f - 7 stones (quivered)
Armour
 a - a +0 robe (worn)
Jewellery
 h - a ring of willpower (left hand)
Scrolls
 d - a scroll of identify {unknown}
 g - a scroll of magic mapping {unknown}
Potions
 e - 2 potions of haste {unknown}


   Skills:
 + Level 2.0 Fighting
 * Level 2.4 Throwing
 + Level 2.0 Dodging
 + Level 1.6 Spellcasting
 + Level 2.8 Hexes


You had 3 spell levels left.
You knew the following spells:

 Your Spells              Type           Power      Damage    Failure   Level
a - Slow                  Hex            36%        N/A       8%          1

Your spell library contained the following spells:

 Spells                   Type           Power      Damage    Failure   Level
 Inner Flame              Hex/Fire       5%         N/A       38%         3
 Portal Projectile        Hex/Tloc       10%        N/A       38%         3
 Call Canine Familiar     Summ           1%         N/A       58%         3
 Cause Fear               Hex            4%         N/A       58%         4
 Leda's Liquefaction      Hex/Erth       2%         N/A       80%         4


Dungeon Overview and Level Annotations

Branches:
Dungeon (1/15)

Altars:


Innate Abilities, Weirdness & Mutations

You are too large for most types of armour.
You have tough skin. (AC +1)


Message History

Aim: a kobold, wielding a +0 short sword (severely wounded, 47% to hit)
You throw a large rock.
The large rock closely misses the kobold.
The kobold closely misses you.
The kobold hits you with a +0 short sword.
Throw: 3 large rocks
Press: ? - help, Q - select action, (/) - cycle Shift-Dir - straight line, f/p - kobold
Aim: a kobold, wielding a +0 short sword (severely wounded, 47% to hit)
You throw a large rock. The large rock misses the kobold.
The kobold closely misses you.
Unknown command.
Throw: 2 large rocks
Press: ? - help, Q - select action, (/) - cycle Shift-Dir - straight line, f/p - kobold
Aim: a kobold, wielding a +0 short sword (severely wounded, 47% to hit)
You throw a large rock.
The large rock closely misses the kobold.
The kobold hits you with a +0 short sword.
* * * LOW HITPOINT WARNING * * *
The kobold closely misses you.
Throw: large rock
Press: ? - help, Q - select action, (/) - cycle Shift-Dir - straight line, f/p - kobold
Aim: a kobold, wielding a +0 short sword (severely wounded, 47% to hit)
You throw a large rock.
The large rock closely misses the kobold.
The kobold hits you with a +0 short sword.
* * * LOW HITPOINT WARNING * * *
The kobold completely misses you.
Throw: 2 throwing nets
Press: ? - help, Q - select action, (/) - cycle Shift-Dir - straight line, f/p - kobold
Aim: a kobold, wielding a +0 short sword (severely wounded, 47% to hit)
You throw a throwing net.
The throwing net closely misses the kobold.
The kobold closely misses you.
Throw: throwing net
Press: ? - help, Q - select action, (/) - cycle Shift-Dir - straight line, f/p - kobold
Aim: a kobold, wielding a +0 short sword (severely wounded, 47% to hit)
You throw a throwing net.
The throwing net closely misses the kobold.
The kobold hits you with a +0 short sword.
You die...

### ### #.. #######.##
#.# .# #..†...#.# #.#
.####.#####.## #.#
#.#............
#######.###............##
#(.(.((K@..##.##.#####...
(#####.##.##.##.# #.##
#)#...#.##.# #.#
#.......##.# #.#
###........# #.#
##.#..#### #.# #....# #.#
###..# #.# #..# #.#


You could see a kobold.

Vanquished Creatures
  A dart slug (D:1)
  2 ball pythons (D:1)
  3 endoplasms (D:1)
  A giant cockroach (D:1)
  2 goblins (D:1)
  A kobold (D:1)
  5 bats (D:1)
  A frilled lizard (D:1)
  A rat (D:1)
17 creatures vanquished.

Notes
Turn   | Place    | Note
-------+----------+-------------------------------------------
     0 | D:1      | Gwenloh the Ogre Arcane Marksman began the quest for the
                  | Orb.
     0 | D:1      | Reached XP level 1. HP: 19/19 MP: 2/2
   449 | D:1      | Reached XP level 2. HP: 19/28 MP: 4/4
   888 | D:1      | Slain by a kobold

Illustrated notes

Levels and vault maps discovered:
D:1:      dpeg_arrival_boxes_within_box, layout_loops_ring

Skill      XL: |  1  2 |
---------------+-------+-----
Dodging        | 2 |  2.0
Fighting       | 2 |  2.0
Throwing       | |  2.4
Spellcasting   | |  1.6
Hexes          | |  2.8

Action                   || total
-------------------------++-------
Melee: Unarmed           ||    84
       Punch             ||     1
Throw: Stone             ||    62
       Large rock        ||     5
       Throwing net      ||     2
Armor: Robe              ||    41
Dodge: Dodged            ||    51

Table legend: (Time is in decaauts)
 A = Elapsed time spent in this place.
 B = Non-inter-level travel time spent in this place.
 C = Inter-level travel time spent in this place.
 D = Time resting spent in this place.
 E = Time spent auto-exploring this place.
 F = Levels seen in this place.
 G = Mean time per level.
                   A        B        C        D        E       F      G
               +--------+--------+--------+--------+--------+-----+--------+
         Total |    891 |    891 |      0 |      0 |    669 |   1 |  891.0 |
       Dungeon |    891 |    891 |      0 |      0 |    669 |   1 |  891.0 |
               +--------+--------+--------+--------+--------+-----+--------+

Top non-repeatable levels by time:
     D:1: 891 daAuts
